 Dungeon Crawl Stone Soup version 0.23-a0-436-g57debff (webtiles) character file.

35917 Lavandula the Brawler (level 13, -4/90 HPs)
             Began as an Octopode Hunter on Nov 16, 2018.
             Was a High Priest of Ru.
             Slain by a tyrant leech (21 damage)
             ... on level 6 of the Lair of Beasts.
             The game lasted 01:16:56 (9949 turns).

Lavandula the Brawler (Octopode Hunter)             Turns: 9949, Time: 01:16:57

Health: -4/90      AC:  9    Str: 15    XL:     13   Next: 86%
Magic:  15/15      EV: 18    Int: 13    God:    Ru [*****.]
Gold:   219        SH:  0    Dex: 18    Spells: 13/17 levels left

rFire    . . .     SeeInvis +     - Unarmed
rCold    . . .     Gourm    .   (no shield)
rNeg     + + .     Faith    .   v - +2 hat
rPois    .         Spirit   .   s - amulet of regeneration
rElec    .         Reflect  .   w - ring of positive energy
rCorr    .         Harm     .   g - ring of positive energy
MR       +....                  i - ring of see invisible
Stlth    +++++.....             n - +3 ring of dexterity
HPRegen  0.65/turn              K - ring of protection from magic
MPRegen  0.14/turn              z - +3 ring of dexterity
                                (no ring)
                                (no ring)

@: exhausted, icy armour, no potions, slowed, drained, very slow
A: almost no armour, stealthy swim, amphibious, 8 rings, constrict 8, camouflage
1, low mp 1, weak 1, gelatinous body 1, inability to drink while threatened,
inability to use devices
a: Draw Out Power, Power Leap, Apocalypse, Renounce Religion


You were on level 6 of the Lair of Beasts.
You worshipped Ru.
Ru was extremely pleased with you.
You were not hungry.

You visited 4 branches of the dungeon, and saw 21 of its levels.
You also visited: Bailey.

You collected 1455 gold pieces.
You spent 1236 gold pieces at shops.

Inventory:

Hand Weapons
 c - a +0 blowgun
 y - a +0 spear
Missiles
 b - 7 curare-tipped needles
 m - 84 sling bullets
 o - 45 tomahawks of returning
 A - a throwing net
 G - 4 poisoned tomahawks
 L - 2 steel tomahawks
 M - a javelin (quivered)
 R - 7 poisoned javelins
Armour
 v - a +2 hat (worn)
Magical Staves
 J - an uncursed staff of cold
Jewellery
 g - a ring of positive energy (right tentacle)
 i - a ring of see invisible (on tentacle)
 n - a +3 ring of dexterity (on tentacle)
 s - an amulet of regeneration (around mantle)
 w - a ring of positive energy (left tentacle)
 z - a +3 ring of dexterity (on tentacle)
 B - an uncursed amulet of magic regeneration
 K - a ring of protection from magic (on tentacle)
Scrolls
 a - a scroll of silence {unknown}
 f - 3 scrolls of enchant weapon
 j - 5 scrolls of teleportation
 k - 5 scrolls of immolation
 p - 3 scrolls of amnesia {unknown}
 q - 9 scrolls of remove curse
 t - a scroll of fear
 x - a scroll of holy word {unknown}
 F - 4 scrolls of blinking {unknown}
 H - 2 scrolls of acquirement {unknown}
 N - a scroll of magic mapping
 O - a scroll of summoning
 P - 3 scrolls of noise {unknown}
Potions
 e - 6 potions of curing
 h - a potion of lignification {unknown}
 l - 2 potions of haste
 r - a potion of magic
 u - 3 potions of heal wounds
 C - a potion of ambrosia
 D - a potion of might
 E - a potion of resistance {unknown}
 I - a potion of experience {unknown}
 S - a potion of degeneration {unknown}
 T - a potion of cancellation {unknown}
 U - 2 potions of berserk rage {unknown}
Miscellaneous
 Q - a box of beasts
Comestibles
 d - 15 rations
 V - 3 chunks of flesh


   Skills:
 - Level 9.3(8.7) Fighting
 - Level 4.0(3.4) Throwing
 - Level 7.6(7.0) Dodging
 + Level 8.5(7.9) Stealth
 - Level 16.0(15.2) Unarmed Combat
 - Level 2.8(2.2) Spellcasting
 - Level 3.3(2.8) Hexes
 - Level 7.9(7.3) Charms
 - Level 3.4(2.8) Ice Magic


You had 13 spell levels left.
You knew the following spells:

 Your Spells              Type           Power        Failure   Level  Hunger
a - Ozocubu's Armour      Chrm/Ice       ##......     10%         3    ####...
b - Confusing Touch       Hex            #.....       8%          1    ##.....

Your spell library contained the following spells:

 Spells                   Type           Power        Failure   Level  Hunger
 Freeze                   Ice            #...         8%          1    ##.....
 Throw Frost              Conj/Ice       #.....       22%         2    ###....
 Confuse                  Hex            #.......     24%         3    ####...
 Gell's Gravitas          Tloc           #.........   58%         3    ####...
 Summon Ice Beast         Ice/Summ       #.......     80%         4    #####..
 Throw Icicle             Conj/Ice       #.......     80%         4    #####..
 Metabolic Englaciation   Hex/Ice        #.........   91%         5    ######.
 Petrify                  Tmut/Erth      #.......     94%         4    #####..
 Yara's Violent Unravell  Hex/Tmut       #.........   98%         5    ######.


Dungeon Overview and Level Annotations

Branches:
Dungeon (12/15)            Temple (1/1) D:6            Lair (6/6) D:11
  Swamp (0/4) Lair:2          Orc (2/2) D:9             Elf (0/3) Orc:2
  Snake: Lair:2-4    Spider: Lair:2-4     Slime: Lair:5-6

Altars:
Ashenzari
Cheibriados
Dithmenos
Elyvilon
Fedhas
Makhleb
Nemelex Xobeh
Okawaru
Qazlal
Ru
Trog
Uskayaw
Xom
Yredelemnul
Beogh

Shops:
D:10 *   Orc:2 ((**

Annotations:
D:6 3 runed doors, Gorice's ghost, novice GrMo
D:11 3 runed doors, Edessova's ghost, journeyman GnFi; Lavandula's ghost, journeyman OpHu; Niss's ghost, journeyman DrWn; Wahll's ghost, journeyman DgCj
Lair:3 Rupert
Lair:4 snake


Innate Abilities, Weirdness & Mutations

You cannot wear most types of armour.
You are very stealthy in the water. (Stealth+)
You are amphibious.
You can wear up to eight rings at the same time.
You can use your tentacles to constrict eight enemies at once.
Your skin changes colour to match your surroundings (Stealth+).
Your magical capacity is low. (-10% MP)
You are weak. (Str -2)
Your rubbery body absorbs attacks. (AC +1, EV +1)
You cannot drink potions while threatened.
You cannot study or use magical devices.


Message History

The torpor snail completely misses you.
You are restored by drawing out deep reserves of power within.
You feel drained. The torpor snail misses you.
Being near the torpor snail leaves you feeling lethargic.
Unknown command.
You bludgeon the tyrant leech!
The tyrant leech is moderately wounded.
The tyrant leech barely misses you. The torpor snail bites you!
You focus your will and illuminate the torpor snail in retribution!
Unknown command.
You tentacle-slap the torpor snail. You squeeze the torpor snail!
The torpor snail is heavily wounded.
The tyrant leech bites you!
* * * LOW HITPOINT WARNING * * *
Unknown command.
As you read the scroll of fear, it crumbles to dust.
You assume a fearsome visage.
The tyrant leech resists with some effort.
The torpor snail looks frightened!
The tyrant leech bites you!!
You die...

### **,..####,,,** #
##.P....,,**
##.......*****#
####....P.#***,,.##
##*#.#..).#*** *,,,.(#
#.##.....## *,,..#*
###.....#..#### **#..#
.#....###....P####..)#
....### ##......@†w.#*
P.##.# #####...w###
###*## ######


You could see a tyrant leech and a torpor snail (fleeing).

Vanquished Creatures
  An orc warlord (Orc:2)
  A hydra (Lair:5)
  4 orc high priests (Orc:2)
  Urug (Lair:5)
  Sonja (Orc:1)
  Pikel (D:5)
  4 orc knights (Orc:2)
  2 orc sorcerers (Orc:2)
  An elephant (Lair:3)
  A black mamba (Lair:5)
  A torpor snail (Lair:6)
  2 centaur skeletons
  4 spiny frogs
  A rime drake (Lair:3)
  2 komodo dragons (Lair:3)
  4 trolls
  A polar bear (Lair:5)
  4 hornets (Lair:6)
  2 bog bodies (Lair:2)
  7 blink frogs
  3 hippogriffs
  A vampire (D:10)
  38 yaks
  Sigmund (D:3)
  2 wyverns
  A basilisk (D:11)
  A hungry ghost (D:8)
  Edmund (D:5)
  8 wargs
  9 porcupines
  A two-headed ogre zombie (D:9)
  2 water moccasins
  2 ice beasts
  A hornet zombie (D:6)
  42 orc warriors
  3 sky beasts
  A slave (D:5)
  7 phantoms
  An eye of draining (D:11)
  A necrophage (D:6)
  16 ogres
  7 centaurs
  8 crocodiles
  10 bullfrogs
  6 scorpions
  3 killer bees (D:10)
  2 troll zombies (D:9)
  13 wights
  An electric eel (Lair:6)
  3 crimson imps
  A bullfrog skeleton (D:5)
  24 orc priests
  4 hounds
  3 jellies
  4 iguanas
  19 orc wizards
  5 worker ants
  A killer bee zombie (D:8)
  5 ogre zombies (D:9)
  A hound zombie (D:6)
  2 hound skeletons
  2 gnolls (Bailey)
  10 adders
  A shadow imp (D:11)
  A white imp (D:6)
  An ooze (D:1)
  2 adder zombies
  A worm (D:3)
  2 dart slugs
  6 leopard geckos
  100 orcs
  3 giant cockroaches
  4 goblins
  8 hobgoblins
  5 jackals
  2 quokkas
  2 ball pythons (D:1)
  5 bats
  5 frilled lizards
  A goblin skeleton (D:9)
  A goblin zombie (D:9)
  3 hobgoblin skeletons (D:9)
  2 hobgoblin zombies (D:9)
  A jackal skeleton (D:5)
  20 kobolds
  A leopard gecko skeleton (D:6)
  5 orc skeletons (D:9)
  13 orc zombies (D:9)
  4 rats
  A plant (Lair:6)
521 creatures vanquished.

Vanquished Creatures (others)
  An orc warrior (Orc:2)
  3 slaves (D:5)
  A centaur skeleton (D:5)
  An orc priest (Orc:2)
  2 worker ants (D:5)
  A quokka (D:5)
  A frilled lizard (D:5)
  2 fungi
  8 plants
20 creatures vanquished.

Grand Total: 541 creatures vanquished

Notes
Turn   | Place    | Note
-------+----------+-------------------------------------------
     0 | D:1      | Lavandula the Octopode Hunter began the quest for the Orb.
     0 | D:1      | Reached XP level 1. HP: 14/14 MP: 1/1
   153 | D:1      | Reached skill level 1 in Unarmed Combat
   153 | D:1      | Reached XP level 2. HP: 19/19 MP: 2/2
   248 | D:1      | Reached skill level 2 in Unarmed Combat
   469 | D:2      | Reached XP level 3. HP: 20/24 MP: 3/3
   714 | D:4      | Reached skill level 3 in Unarmed Combat
   807 | D:3      | Reached XP level 4. HP: 23/29 MP: 4/4
  1053 | D:3      | Noticed Sigmund
  1070 | D:3      | Killed Sigmund
  1070 | D:3      | Reached skill level 5 in Unarmed Combat
  1070 | D:3      | Reached XP level 5. HP: 34/34 MP: 5/5
  1070 | D:3      | Reached XP level 6. HP: 39/39 MP: 6/6
  1215 | D:5      | Entered Level 5 of the Dungeon
  1342 | D:5      | Reached skill level 6 in Unarmed Combat
  1374 | D:6      | Noticed a phantom
  1449 | D:5      | Noticed Edmund
  1538 | D:5      | Noticed a slave
  1547 | D:5      | Killed a slave
  1556 | D:5      | Noticed a slave
  1559 | D:5      | Noticed Pikel
  1559 | D:5      | Noticed a slave
  1560 | D:5      | Noticed a slave
  1596 | D:5      | Killed Pikel
  1596 | D:5      | Reached skill level 8 in Unarmed Combat
  1596 | D:5      | Reached XP level 7. HP: 22/45 MP: 7/7
  1665 | D:5      | Reached XP level 8. HP: 50/50 MP: 8/8
  1839 | D:5      | Found a basalt altar of Yredelemnul.
  1841 | D:5      | Found a snail-covered altar of Cheibriados.
  1841 | D:5      | Found a shadowy altar of Dithmenos.
  1865 | D:6      | Found a white marble altar of Elyvilon.
  1893 | D:6      | Found a runed gate.
  1893 | D:6      | Found a runed gate.
  1893 | D:6      | Found a runed gate.
  1986 | D:6      | Reached skill level 5 in Dodging
  2091 | D:5      | Killed Edmund
  2361 | D:7      | Reached skill level 9 in Unarmed Combat
  2361 | D:7      | Reached XP level 9. HP: 49/58 MP: 9/9
  2654 | D:7      | Reached skill level 10 in Unarmed Combat
  3154 | D:6      | Reached skill level 11 in Unarmed Combat
  3257 | D:6      | Noticed Gorice's ghost (novice GrMo)
  3338 | D:6      | Found a staircase to the Ecumenical Temple.
  3357 | Temple   | Entered the Ecumenical Temple
  3365 | Temple   | Became a worshipper of Ru the Awakened
  3571 | D:8      | Reached XP level 10. HP: 59/63 MP: 10/10
  3578 | D:8      | Reached skill level 12 in Unarmed Combat
  4013 | D:9      | Found a blossoming altar of Fedhas.
  4034 | D:9      | Learned a level 3 spell: Ozocubu's Armour
  4101 | D:10     | Entered Level 10 of the Dungeon
  4135 | D:10     | Reached skill level 1 in Charms
  4235 | D:10     | Gained mutation: Your magical capacity is low. (-10% MP)
                  | [Ru sacrifice]
  4259 | D:10     | Reached skill level 1 in Ice Magic
  4329 | D:10     | Found Beeffis's Assorted Antiques.
  4332 | D:10     | Bought a scroll labeled FOEROE TUUGYSOA for 23 gold pieces
  4332 | D:10     | Bought a scroll labeled ELARIU NIVAHAI for 23 gold pieces
  4332 | D:10     | Bought a potion of curing for 69 gold pieces
  4335 | D:10     | Found a flagged portal.
  4343 | Bailey   | Entered a bailey
  4348 | Bailey   | Noticed an orc warlord
  4462 | Bailey   | Found a runed gate.
  4464 | Bailey   | Found a runed gate.
  4466 | Bailey   | Found a runed gate.
  4789 | D:11     | Reached skill level 1 in Spellcasting
  4914 | D:10     | Reached skill level 13 in Unarmed Combat
  5114 | D:9      | Reached XP level 11. HP: 64/69 MP: 13/13
  5167 | D:9      | Found a staircase to the Orcish Mines.
  5415 | Orc:1    | Entered Level 1 of the Orcish Mines
  5415 | Orc:1    | Noticed Sonja
  5471 | Orc:1    | Killed Sonja
  5471 | Orc:1    | Reached skill level 5 in Fighting
  5639 | Orc:1    | Gained mutation: You cannot drink potions while threatened.
                  | [Ru sacrifice]
  5639 | Orc:1    | Reached * piety under Ru
  5639 | Orc:1    | Reached ** piety under Ru
  5950 | Orc:2    | Entered Level 2 of the Orcish Mines
  6346 | Orc:2    | Found a roughly hewn altar of Beogh.
  6364 | Orc:2    | Noticed an orc knight
  6536 | Orc:2    | Killed an orc knight
  6551 | Orc:2    | Noticed an orc knight
  6552 | Orc:2    | Found Yvimifui's Antique Weapon Shoppe.
  6575 | Orc:2    | Killed an orc knight
  6575 | Orc:2    | Reached skill level 14 in Unarmed Combat
  6596 | Orc:2    | Found Zeriam's Antique Weapon Emporium.
  6630 | Orc:2    | Gained mutation: You cannot study or use magical devices.
                  | [Ru sacrifice]
  6630 | Orc:2    | Reached *** piety under Ru
  6630 | Orc:2    | Reached **** piety under Ru
  6656 | Orc:2    | Noticed an orc sorcerer
  6656 | Orc:2    | Noticed an orc knight
  6682 | Orc:2    | Noticed a sixfirhy
  6761 | Orc:2    | Killed an orc knight
  6795 | Orc:2    | Killed an orc sorcerer
  6910 | Orc:2    | Reached XP level 12. HP: 62/81 MP: 14/14
  7068 | Orc:2    | Reached skill level 15 in Unarmed Combat
  7224 | Orc:2    | Noticed an orc warlord
  7249 | Orc:2    | Killed an orc warlord
  7269 | Orc:2    | Reached skill level 5 in Charms
  7327 | Orc:2    | Found Pec Gangi's Assorted Antiques.
  7329 | Orc:2    | Noticed an orc high priest
  7441 | Orc:2    | Killed an orc high priest
  7472 | Orc:2    | Noticed an orc high priest
  7474 | Orc:2    | Found Diorupusch's General Store.
  7480 | Orc:2    | Killed an orc high priest
  7557 | Orc:2    | Noticed an orc high priest
  7640 | Orc:2    | Killed an orc high priest
  7661 | Orc:2    | Noticed an orc high priest
  7704 | Orc:2    | Killed an orc high priest
  7732 | Orc:2    | Found a roughly hewn altar of Beogh.
  7894 | Orc:2    | Found a staircase to the Elven Halls.
  7975 | Orc:2    | Bought a granite ring for 185 gold pieces
  7975 | Orc:2    | Bought a glowing emerald ring for 185 gold pieces
  7982 | Orc:2    | Bought a scroll labeled ELARIU NIVAHAI for 37 gold pieces
  7982 | Orc:2    | Bought a scroll labeled BUHERPH EZXURYE for 37 gold pieces
  7982 | Orc:2    | Bought a scroll labeled HENLUCESOD for 37 gold pieces
  8014 | Orc:2    | Bought a scroll of summoning for 152 gold pieces
  8014 | Orc:2    | Bought a scroll of enchant armour for 120 gold pieces
  8014 | Orc:2    | Bought a potion of curing for 48 gold pieces
  8356 | Orc:2    | Bought a book of Misfortune for 320 gold pieces
  8358 | Orc:2    | Learned a level 1 spell: Confusing Touch
  8485 | D:10     | Reached skill level 1 in Hexes
  8599 | D:11     | Reached XP level 13. HP: 86/86 MP: 15/15
  8600 | D:11     | Found a runed gate.
  8600 | D:11     | Found a runed gate.
  8600 | D:11     | Found a runed gate.
  8607 | D:11     | Noticed Niss's ghost (journeyman DrWn)
  8608 | D:11     | Noticed Edessova's ghost (journeyman GnFi)
  8612 | D:11     | Noticed Wahll's ghost (journeyman DgCj)
  8614 | D:11     | Noticed Lavandula's ghost (journeyman OpHu)
  8625 | D:11     | Found a staircase to the Lair.
  8655 | Lair:1   | Entered Level 1 of the Lair of Beasts
  8780 | Lair:1   | Gained mutation: You are weak. (Str -2) [Ru sacrifice]
  8780 | Lair:1   | Reached ***** piety under Ru
  8862 | Lair:2   | Found a staircase to the Swamp.
  9296 | Lair:3   | Noticed Rupert
  9316 | Lair:4   | HP: 1/90 [elephant (14)]
  9479 | Lair:5   | Noticed Urug
  9486 | Lair:5   | Killed Urug
  9530 | Lair:5   | Reached skill level 16 in Unarmed Combat
  9638 | Lair:5   | Reached skill level 5 in Stealth
  9676 | Lair:6   | Entered Level 6 of the Lair of Beasts
  9864 | Lair:6   | Found a runed door.
  9892 | Lair:6   | Noticed a fire dragon
  9949 | Lair:6   | Slain by a tyrant leech

Vault maps used:
D:1:      erik_arrival_cave_to_civilisation, grunt_decor_mini_mirrors
D:3:      first_ration, uniq_sigmund
D:4:      corexii_leaking_fountain, nicolae_qazlal_style_of_elements,
          uniq_crazy_yiuf_cottage
D:5:      cheibrodos_barr_body, grunt_temple_overflow_open, serial_glass,
          glass_columns_a, glass_columns_b, grunt_ministairs_4, uniq_edmund,
          uniq_menkaure, uniq_pikel
D:6:      minmay_temple_entry_trees, gammafunk_ghost_icy, basic_altar,
          minmay_fire_ice_demons
D:8:      minmay_the_grid_triangle_9x9_rhombus_full
D:9:      minmay_cornered_nines, fedhas_ov_isle_minmay, zombieorc2_lemuel,
          grunt_ministairs_8
D:10:     serial_shops, kennysheep_mini_moat, enter_bailey_2,
          hangedman_fish_farm
D:11:     minmay_lair_entry_grove, gammafunk_ghost_cemetery, uniq_psyche
D:12:     nicolae_trove_entry_columns
Temple:   eino_narrow_crystal_temple
Lair:1:   beast_lair_carwin_5
Lair:2:   beast_lair_carwin_large_1, skrybe_swamp_entry_bodies,
          chequers_serial_rivers_large_b, chequers_serial_rivers_room_a,
          minmay_lair_oklob_chamber
Lair:3:   wad_woods_antlair, grunt_megastairs_2, uniq_rupert
Lair:4:   guppyfry_snake_entry_garden, grunt_megastairs_5
Lair:5:   cheibrodos_lair_river_kwai, slime_dummy,
          chequers_serial_rivers_micro_c, st_stairs_4, uniq_urug
Lair:6:   wormcave, serial_bayou_lake_a, serial_bayou_shore_a,
          infiniplex_staircase_pool
Orc:1:    uniq_sonja
Orc:2:    pubby_orc_utopia
Bailey:   bailey_axe_bossmonster_kennysheep, bailey

Skill      XL: |  1  2  3  4  5  6  7  8  9 10 11 12 13 |
---------------+----------------------------------------+-----
Unarmed Combat | 1 2 3 5 8 9 11 13 14 15 16 | 16.0
Dodging        | 5 7 |  7.6
Fighting       | 4 7 9 |  9.3
Charms         | 3 7 |  7.9
Ice Magic      | 3 |  3.4
Spellcasting   | 2 |  2.8
Hexes          | 3 |  3.3
Stealth        | 8 |  8.5
Throwing       | |  4.0

Action                   |  1- 3 |  4- 6 |  7- 9 | 10-12 | 13-15 || total
-------------------------+-------+-------+-------+-------+-------++-------
Melee: Unarmed           |    51 |    79 |   220 |   798 |   311 ||  1459
       Constrict         |    13 |    21 |    38 |   146 |    29 ||   247
       Tentacles         |     9 |    18 |    42 |   204 |    62 ||   335
       Punch             |       |     4 |    26 |    95 |    55 ||   180
 Fire: Blowgun           |       |       |       |     2 |       ||     2
Throw: Javelin           |    12 |    15 |    27 |    31 |    13 ||    98
       Throwing net      |       |     2 |       |     2 |       ||     4
       Tomahawk          |       |       |       |    85 |    10 ||    95
 Cast: Ozocubu's Armour  |       |       |       |    16 |    23 ||    39
       Confusing Touch   |       |       |       |       |     3 ||     3
Invok: Sacrifice Essence |       |       |       |     1 |       ||     1
       Draw Out Power    |       |       |       |     8 |     7 ||    15
       Sacrifice Drink   |       |       |       |     1 |       ||     1
       Sacrifice Artific |       |       |       |     1 |       ||     1
       Apocalypse        |       |       |       |       |     2 ||     2
       Sacrifice Purity  |       |       |       |       |     1 ||     1
       Reject Sacrifices |       |       |       |       |     1 ||     1
Evoke: Wand              |       |       |       |     4 |       ||     4
  Use: Potion            |       |     1 |       |     3 |       ||     4
       Scroll            |       |     3 |     2 |     8 |     6 ||    19
 Stab: Sleeping          |     1 |     6 |     5 |     3 |     6 ||    21
       Held in net/web   |       |     1 |       |     6 |       ||     7
       Distracted        |       |       |     1 |     4 |     1 ||     6
       Invisible         |       |       |       |     3 |     4 ||     7
       Paralysed         |       |       |       |     3 |     3 ||     6
       Confused          |       |       |       |       |     2 ||     2
  Eat: Chunk             |       |     2 |     7 |    12 |     3 ||    24
       Ration            |       |       |       |     3 |     1 ||     4
Armor: Skin              |     4 |     7 |     2 |    11 |    28 ||    52
Dodge: Dodged            |    24 |    29 |   120 |   423 |   129 ||   725

Table legend:
 A = Non-vault XP
 B = Vault XP
 C = Vault XP percentage of total XP
 D = Non-vault monster count
 E = Vault monster count
 F = Vault count percentage of total count
                 A         B        C        D         E       F
            +---------+---------+-------+---------+---------+-------
      Total |   22217 |   29093 |  56.7 |     271 |     250 |  48.0
            +---------+---------+-------+---------+---------+-------
        D:1 |      32 |       0 |   0.0 |      18 |       0 |   0.0
        D:2 |      11 |       0 |   0.0 |       7 |       0 |   0.0
        D:3 |      69 |     208 |  75.1 |      19 |       1 |   5.0
        D:4 |     176 |       0 |   0.0 |       5 |       0 |   0.0
        D:5 |     174 |    1126 |  86.6 |      13 |      11 |  45.8
        D:6 |    1280 |      58 |   4.3 |      22 |       2 |   8.3
        D:7 |     859 |       0 |   0.0 |      21 |       0 |   0.0
        D:8 |    1902 |       0 |   0.0 |      34 |       0 |   0.0
        D:9 |    1182 |     845 |  41.7 |      11 |      37 |  77.1
       D:10 |    2894 |     107 |   3.6 |      29 |       1 |   3.3
       D:11 |     603 |    1326 |  68.7 |       7 |       9 |  56.2
       D:12 |      37 |       0 |   0.0 |       1 |       0 |   0.0
     Lair:1 |     339 |     469 |  58.0 |       3 |       4 |  57.1
     Lair:2 |    1167 |     530 |  31.2 |       5 |       2 |  28.6
     Lair:3 |    3489 |    1675 |  32.4 |      14 |       8 |  36.4
     Lair:4 |    2135 |     143 |   6.3 |       9 |       1 |  10.0
     Lair:5 |    1380 |    2814 |  67.1 |       7 |       7 |  50.0
     Lair:6 |    2789 |    1665 |  37.4 |      14 |       6 |  30.0
      Orc:1 |    1568 |     788 |  33.4 |      29 |       1 |   3.3
      Orc:2 |     131 |   16884 |  99.2 |       3 |     134 |  97.8
     Bailey |       0 |     455 | 100.0 |       0 |      26 | 100.0
            +---------+---------+-------+---------+---------+-------
